Unix NetHack Version 3.7.0-86 Work-in-progress - last build May 30 2023 01:50:43 (cc98dc9aa62a9957b082a042edf5bd7ec9f632c7,branch:master). Game began 2023-06-25 08:54:23, ended 2023-06-25 09:38:23. swegen, chaotic female elven Priestess ------ |....| ----------- ##-.....# |.........| # |....|# |..<......| # ------# |.........-#### # # -.--------- # # # # # --------- ### ## # # |......>| # # # # |.......?## # ### % |.......| # # # -------- |.......- # # # |....*.. --------- # #### # |......| #------.---- #@:......+ #%.........| -------- |.......(.| |.........| ----------- Swegen the Acolyte St:13 Dx:12 Co:16 In:8 Wi:20 Ch:9 Chaotic Dlvl:8 $:163 HP:0(37) Pw:70(70) AC:1 Xp:5/275 T:3387 Latest messages: What do you want to throw? [$atw or ?*] In what direction? The thonged club returns to your hand! What do you want to throw? [$atw or ?*] In what direction? The thonged club hits it. The thonged club returns to your hand! What do you want to throw? [$atw or ?*] In what direction? The thonged club hits the giant zombie. The thonged club returns to your hand! What do you want to throw? [$atw or ?*] In what direction? The thonged club hits the giant zombie. The thonged club returns to your hand! What do you want to throw? [$atw or ?*] In what direction? The thonged club misses the giant zombie. The thonged club returns to your hand! What do you want to throw? [$atw or ?*] In what direction? The thonged club hits the giant zombie. The thonged club returns to your hand! What do you want to throw? [$atw or ?*] In what direction? The thonged club hits the giant zombie. The thonged club returns to your hand! What do you want to throw? [$atw or ?*] In what direction? The thonged club hits the giant zombie. The thonged club returns to your hand! Pick an object. w - a mace named Demonbane (weapon in hand). t - a thonged club (alternate weapon; not wielded). You hit the giant bat! The giant bat bites! The giant bat just misses! You miss the giant bat. The giant bat misses! You feel more confident in your weapon skills. You hit the giant bat! The giant bat just misses! The giant bat bites! You kill the giant bat! The giant zombie hits! The giant zombie hits again! You see here a giant bat corpse. The lizard bites! You die... Do you want your possessions identified? [ynq] (y) Inventory: Coins $ - 163 gold pieces Weapons t - a +0 aklys (alternate weapon; not wielded) w - the +1 Demonbane (weapon in hand) a - a blessed +1 mace Armor c - a +0 small shield (being worn) b - a +0 robe (being worn) d - a +0 bronze plate mail (being worn) Comestibles e - a clove of garlic f - a sprig of wolfsbane Scrolls v - a scroll of enchant armor F - 2 scrolls of enchant weapon g - a blessed scroll of gold detection x - a scroll of light A - a scroll of magic mapping l - a scroll of teleportation Potions h - a cursed potion of gain level s - a potion of monster detection K - a potion of paralysis Rings q - a ring of warning Wands H - a wand of fire (0:4) Tools i - a leather drum k - a credit card y - a cursed magic lamp P - a towel Gems/Stones M - 2 worthless pieces of green glass E - 2 worthless pieces of orange glass r - 2 worthless pieces of red glass j - a cursed worthless piece of red glass B - a worthless piece of violet glass z - 2 worthless pieces of yellow glass u - a luckstone Swegen the Priestess's attributes: Background: You were an Acolyte, a level 5 elven Priestess. You were chaotic, on a mission for Offler who was opposed by Blind Io (lawful) and The Lady (neutral). You were in the Dungeons of Doom, on level 8. You entered the dungeon 3387 turns ago. You had 275 experience points, 45 more were needed to attain level 6. Basics: You had 0 out of 37 hit points. You had all 70 energy points (spell power). Your armor class was 1. Your wallet contained 163 zorkmids. Autopickup was on for '$'. Final Characteristics: Your strength was 13 (limit:18). Your dexterity was 12 (limit:18). Your constitution was 16 (limit:16). Your intelligence was 8 (limit:20). Your wisdom was 20 (limit:20). Your charisma was 9 (limit:18). Final Status: You were not hungry. You were unencumbered. You were wielding a mace. You had basic skill with mace and could have enhanced that. Final Attributes: You were piously aligned. You were sleep resistant. You were telepathic. You had infravision. You were guarded. You were lucky. You had extra luck. Bad luck did not time out for you. Good luck did not time out for you. You are dead. Miscellaneous: You never encountered a bones level. Total elapsed playing time was 41 minutes and 23 seconds. Major events: Turn 1: swegen the chaotic elven Priestess entered the dungeon 501: found Demonbane on the floor 855: entered the Gnomish Mines 1592: attained the rank of Acolyte (level 3) 3387: killed by a lizard Vanquished creatures: a giant beetle a gnome mummy an orc shaman a rock mole a yellow light a gnomish wizard a kobold mummy a golden naga hatchling a paper golem a floating eye a kitten a giant bat an orc zombie 4 iguanas an acid blob a hobbit a hobgoblin a giant rat a brown mold a yellow mold a gnome zombie 2 geckos 8 jackals 2 foxes a kobold 2 sewer rats a grid bug a bat a lichen 2 kobold zombies 6 newts 50 creatures vanquished. No species were genocided or became extinct. Voluntary challenges: You read items or engraved 2 times. You never engraved Elbereth. You never genocided any monsters. You never polymorphed an object. You never changed form. You used no wishes. Achievements: You entered a shop. You entered the Gnomish Mines. You attained the rank of Acolyte. The Dungeons of Doom: levels 1 to 9 Level 1: Level 2: A scroll shop. Stairs down to The Gnomish Mines. Level 3: A fountain, some sinks. Level 4: A general store, an altar, a fountain. Level 5: Level 6: An armor shop. Level 7: Many fountains. Oracle of Delphi. Level 8: <- You were here. Final resting place for you, killed by a lizard. Level 9: The Gnomish Mines: Level 3: Game over: ---------- / \ / REST \ / IN \ / PEACE \ / \ | swegen | | 163 Au | | killed by a | | lizard | | | | | | 2023 | *| * * * | * _________)/\\_//(\/(/\)/\//\/|_)_______ Goodbye swegen the Priestess... You died in The Dungeons of Doom on dungeon level 8 with 1657 points, and 163 pieces of gold, after 3387 moves. You were level 5 with a maximum of 37 hit points when you died.